Map: Romanticide LE

Players

TeebuL - Winner!

  • Race: Protoss Protoss
  • League: Gold

Seither

  • Race: Terran Terran
  • League: Grandmaster

Event: DreamHack SC2 Masters 2021 Summer

VOD

Have the link to the VOD?

Description

Time

  • Played on: May 21, 2021, 5:41 a.m.
  • Length: 12:58

All games in this series

Show
View Real Time Build Order
Export as new Build Order

TeebuL Protoss - Winner!

Build Orders:  

Get SALT Encoding   

  12  0:09  Pylon  
  12  0:13  Probe  
  13  0:27  Gateway  
  13  0:31  Probe (Chrono Boost)  
  14  0:41  Assimilator, Probe (Chrono Boost)  
  15  0:46  Probe (Chrono Boost)  
  16  0:57  Probe  
  17  1:10  Probe  
  18  1:15  Cybernetics Core  
  18  1:22  Probe  
  19  1:34  Probe  
  20  1:43  Pylon  
  20  1:48  Adept (Chrono Boost)  
  20  1:49  Probe  
  23  2:02  Probe  
  23  2:04  Warp Gate  
  23  2:08  Nexus  
  24  2:11  Adept  
  26  2:21  Probe  
  25  2:33  Probe (Chrono Boost)  
  26  2:41  Adept  
  26  2:43  Probe (Chrono Boost)  
  29  2:44  Shield Battery  
  29  2:48  Probe (Chrono Boost)  
  28  2:59  Probe  
  28  3:01  Assimilator  
  29  3:11  Probe  
  30  3:19  Stalker  
  32  3:21  Probe  
  32  3:24  Probe  
  35  3:34  Probe (Chrono Boost)  
  35  3:35  Stargate  
  35  3:36  Probe (Chrono Boost)  
  35  3:46  Probe (Chrono Boost)  
  35  3:48  Probe (Chrono Boost)  
  37  3:52  Probe (Chrono Boost)  
  37  3:53  Probe (Chrono Boost)  
  39  4:00  Probe  
  39  4:02  Probe  
  41  4:12  Probe (Chrono Boost)  
  41  4:14  Pylon  
  43  4:18  Probe (Chrono Boost)  
  43  4:19  Phoenix  
  46  4:24  Probe (Chrono Boost)  
  46  4:34  Probe (Chrono Boost)  
  46  4:35  Pylon, Probe (Chrono Boost)  
  48  4:39  Probe (Chrono Boost)  
  48  4:41  Probe  
  48  4:43  Gateway  
  48  4:44  Phoenix  
  52  4:47  Assimilator  
  52  4:48  Assimilator  
  52  4:49  Probe  
  52  4:52  Pylon  
  53  4:53  Probe  
  54  5:01  Probe  
  54  5:05  Probe  
  56  5:10  Nexus  
  56  5:13  Probe  
  56  5:17  Probe  
  56  5:22  Phoenix  
  56  5:25  Probe  
  59  5:29  Probe  
  59  5:31  Pylon  
  60  5:36  Robotics Facility  
  60  5:37  Probe  
  60  5:42  Probe  
  61  5:46  Sentry x2  
  61  5:47  Phoenix  
  68  5:50  Probe  
  68  5:54  Probe  
  69  6:02  Probe  
  70  6:06  Probe  
  70  6:08  Pylon  
  71  6:12  Phoenix  
  71  6:14  Probe  
  71  6:18  Probe  
  75  6:22  Shield Battery  
  75  6:23  Probe  
  76  6:26  Immortal, Probe, Robotics Bay  
  76  6:31  Probe  
  82  6:33  Twilight Council  
  82  6:34  Forge  
  82  6:35  Probe  
  83  6:44  Gateway  
  83  6:45  Gateway  
  83  6:46  Probe  
  83  6:47  Probe, Gateway  
  84  6:49  Pylon  
  84  6:52  Sentry  
  88  6:54  Probe  
  88  6:56  Pylon  
  88  6:59  Probe  
  89  7:02  Pylon  
  89  7:09  Colossus (Chrono Boost)  
  89  7:12  Zealot  
  89  7:15  Extended Thermal Lance (Chrono Boost)  
  95  7:22  Photon Cannon  
  95  7:23  Zealot  
  95  7:24  Shield Battery  
  95  7:26  Assimilator  
  95  7:27  Assimilator  
  95  7:28  Charge  
  97  7:32  Photon Cannon  
  97  7:33  Pylon, Protoss Ground Weapons Level 1 (Chrono Boost)  
  97  7:36  Zealot  
  99  7:45  Zealot x4  
  105  7:52  Shield Battery  
  105  7:53  Colossus (Chrono Boost)  
  98  8:13  Stalker x5  
  98  8:15  Probe  
  97  8:35  Colossus (Chrono Boost)  
  97  8:39  Probe x2  
  101  8:43  Zealot x5  
  101  8:46  Probe  
  112  9:03  Templar Archives  
  112  9:14  Zealot x4  
  112  9:15  Zealot  
  122  9:17  Probe x2  
  122  9:20  Nexus  
  124  9:24  Protoss Ground Armor Level 1 (Chrono Boost)  
  124  9:29  Pylon  
  124  9:30  Pylon  
  124  9:31  Pylon  
  124  9:34  Pylon  
  124  9:35  Pylon  
  124  9:37  Gateway  
  124  9:41  Gateway  
  124  9:43  Gateway  
  124  9:45  Colossus (Chrono Boost)  
  130  9:57  High Templar x2  
  130  9:58  Zealot, High Templar x2  
  140  10:02  Pylon  
  140  10:05  Pylon  
  128  10:26  Probe  
  129  10:29  Forge  
  129  10:30  High Templar x3, Warp Prism (Chrono Boost)  
  129  10:31  Archon x2, High Templar  
  129  10:35  Archon x2  
  139  10:37  Photon Cannon  
  139  10:39  Zealot x4  
  145  10:48  Probe  
  142  10:51  Probe  
  142  10:52  Probe x2  
  142  10:57  Pylon  
  137  11:00  Probe  
  135  11:05  Zealot x8  
  135  11:08  Probe  
  152  11:11  Probe x2  
  152  11:12  Probe  
  155  11:20  Probe  
  155  11:23  Probe  
  155  11:24  Shield Battery  
  155  11:25  Photon Cannon  
  157  11:31  Stalker x6  
  169  11:37  Probe  
  169  11:38  Probe  
  169  11:39  Probe x2  
  173  11:49  Probe  
  173  11:54  Zealot x5  
  176  12:00  Zealot x3  
  188  12:02  Probe  
  189  12:09  Disruptor  
  159  12:26  Zealot x8  
  163  12:33  Probe x3  
Show
View Real Time Build Order
Export as new Build Order

Seither Terran 

Build Orders:  

Get SALT Encoding   

  12  0:00  SCV  
  13  0:12  SCV  
  14  0:17  Supply Depot  
  14  0:24  SCV  
  15  0:39  SCV  
  16  0:43  Barracks  
  16  0:46  Refinery  
  16  0:51  SCV  
  17  0:57  Refinery  
  17  1:03  SCV  
  18  1:15  SCV  
  19  1:30  Reaper  
  19  1:31  Orbital Command  
  20  1:38  Supply Depot  
  20  1:51  Factory  
  20  1:55  Engineering Bay  
  20  2:00  SCV  
  20  2:06  Reaper  
  21  2:12  SCV  
  22  2:24  SCV  
  23  2:37  SCV  
  24  2:40  Command Center  
  24  2:42  Hellion  
  26  2:49  SCV  
  27  2:57  Starport  
  26  3:01  Supply Depot, SCV  
  27  3:07  Widow Mine  
  29  3:13  SCV  
  30  3:25  SCV  
  31  3:28  Widow Mine  
  33  3:37  Medivac, SCV  
  34  3:49  SCV  
  34  3:53  Orbital Command  
  34  3:57  Factory Tech Lab  
  34  4:01  Barracks  
  35  4:02  SCV  
  35  4:04  Barracks  
  35  4:07  Starport Tech Lab  
  35  4:14  SCV  
  35  4:15  Engineering Bay, Barracks Reactor  
  36  4:19  Orbital Command  
  36  4:23  Siege Tank  
  39  4:27  Raven, SCV  
  42  4:35  Supply Depot  
  42  4:39  SCV  
  43  4:47  Terran Infantry Weapons Level 1  
  43  4:49  Marine  
  43  4:51  Marine x2  
  43  4:52  Marine  
  46  5:00  Siege Tank  
  46  5:06  SCV  
  50  5:07  Marine  
  50  5:09  Marine  
  52  5:16  SCV  
  52  5:18  SCV  
  52  5:21  Missile Turret  
  52  5:22  Supply Depot  
  52  5:28  SCV  
  53  5:29  Marine  
  53  5:30  Marine, SCV  
  53  5:35  Starport Reactor  
  56  5:38  Stimpack, Marauder  
  58  5:42  Factory Reactor  
  58  5:43  SCV x2  
  58  5:45  Refinery  
  58  5:47  Marine x2  
  62  5:55  SCV x2  
  62  5:56  Combat Shield  
  66  5:57  Marauder  
  66  6:04  Supply Depot  
  64  6:06  Marine  
  64  6:07  Marauder, Marine, SCV x2  
  70  6:24  Supply Depot  
  70  6:25  SCV x2  
  76  6:26  Widow Mine x2, Supply Depot  
  76  6:28  Marauder  
  78  6:33  Medivac x2, Marine x2  
  78  6:37  SCV x2  
  86  6:40  Refinery  
  86  6:46  Marauder  
  88  6:49  Widow Mine x2, Supply Depot x2  
  88  6:53  SCV x2  
  94  6:59  Marine x2  
  94  7:01  Marauder  
  98  7:12  Supply Depot  
  98  7:13  Medivac, Widow Mine x2  
  98  7:14  Marauder  
  98  7:15  Concussive Shells  
  103  7:18  Supply Depot  
  103  7:24  Marine x2  
  103  7:25  Marauder  
  103  7:29  Medivac  
  109  7:31  SCV x2  
  109  7:49  Command Center  
  109  7:53  SCV x2  
  109  7:55  Marine x2  
  109  7:56  Terran Infantry Armor Level 1, Marauder  
  115  8:04  Barracks x2  
  106  8:13  SCV x2  
  106  8:15  Supply Depot  
  106  8:19  Marine x2  
  107  8:20  Marauder x2  
  102  8:32  Medivac x2, Widow Mine x2  
  98  8:37  Marine  
  98  8:39  SCV  
  98  8:40  SCV  
  99  8:41  Marauder x2  
  99  8:44  Marine  
  99  8:51  SCV  
  99  8:52  SCV  
  99  8:55  Marine  
  100  9:00  Barracks Reactor  
  100  9:01  Barracks Tech Lab, Orbital Command  
  100  9:02  Medivac x2  
  100  9:05  Marauder x2, SCV x2  
  106  9:12  Armory  
  106  9:13  Engineering Bay  
  106  9:18  SCV x2  
  106  9:23  Marauder, Marine x2  
  112  9:26  Orbital Command, Marauder  
  114  9:32  Widow Mine x2, Ghost Academy  
  118  9:42  Marauder, Marine x2  
  118  9:44  Marauder  
  123  9:58  Marine x2  
  125  10:01  Terran Infantry Weapons Level 2, Terran Infantry Armor Level 2  
  125  10:02  Refinery x2, Terran Ship Weapons Level 1  
  118  10:20  Marauder x3, Marine x2  
  116  10:21  SCV  
  116  10:22  SCV x2  
  117  10:35  Marine x2  
  119  10:39  Command Center  
  119  10:41  Ghost x3  
  124  10:47  SCV x2  
  124  10:48  Marine  
  123  11:00  Marine  
  123  11:01  Marine x2  
  112  11:06  Marine  
  112  11:09  Ghost x2  
  112  11:10  Marauder  
  118  11:12  Enhanced Shockwaves  
  118  11:16  Barracks x3  
  118  11:21  Widow Mine x2, Marine x2  
  124  11:32  Medivac, Marauder  
  124  11:33  Medivac  
  124  11:34  Marine x2  
  124  11:38  Marauder  
  124  11:39  Marauder, Marine  
  135  11:42  Sensor Tower  
  135  11:46  Marine  
  135  11:52  Ghost  
  137  11:57  Marine  
  137  11:58  Marine x2  
  137  11:59  Ghost  
  137  12:00  Marauder  
  142  12:04  Marine  
  142  12:07  Marine  
  139  12:09  Medivac  
  127  12:15  Marine x2  
  127  12:16  Marine  
  127  12:21  Marauder, Marine  
  127  12:22  Marauder  
  117  12:25  Marine  
  117  12:28  Marauder  
  73  12:33  Marine  
Tags
 
Add a new tag
Caveats
  • Supply blocks, unpowered buildings, or Contaminate may cause inaccurate times.
  • Supply counts are checked every 10 seconds.